 Dungeon Sprint DCSS version 0.21.1-1-g345015f (webtiles) character file.

4459 Fang the Cleaver (level 10, -1/109 HPs)
             Began as a Gargoyle Berserker on July 11, 2018.
             Was the Champion of Trog.
             Slain by a sun demon (20 damage)
             ... in the Dungeon (Sprint VII: "The Pits").
             The game lasted 00:05:04 (1970 turns).

Fang the Cleaver (Gargoyle Berserker)               Turns: 1970, Time: 00:05:05

Health: -1/109     AC: 12    Str: 32    XL:     10   Next: 37%
Magic:  10/10      EV: 16    Int:  8    God:    Trog [******]
Gold:   0          SH:  0    Dex:  9    Spells: 9/9 levels left

rFire    . . .     SeeInvis .   v - +3 war axe (freeze)
rCold    . . .     Gourm    .   (no shield)
rNeg     + . .     Faith    .   b - +0 animal skin
rPois    ∞         Spirit   .   (no helmet)
rElec    +         Reflect  .   (no cloak)
rCorr    .         Harm     .   (no gloves)
MR       .....     NoTele   +   (no boots)
Stlth    ..........             (no amulet)
HPRegen  0.28/turn              p - +3 ring of protection
MPRegen  0.12/turn              r - +3 ring of strength

@: berserking, very quick
A: negative energy resistance 1, electricity resistance, unbreathing,
petrification resistance, rot immunity, AC +7
a: Berserk, Trog's Hand, Brothers in Arms, Burn Spellbooks, Renounce Religion


You were in the Dungeon.
You worshipped Trog.
Trog was exalted by your worship.
You were very hungry.

You visited 1 branch

Inventory:

Hand Weapons
 j - a +2 hand axe
 n - the +10 battleaxe of the Lame Duck {drain, *Rage Dex+6}
   (Trog gifted it to you in the Dungeon)

   A truly terrible weapon, it drains the life of those it strikes.
   It affects your dexterity (+6).
   It may make you go berserk in combat.
 o - a +4 battleaxe of electrocution
 u - a +1 broad axe of chopping
 v - a +3 war axe of freezing (weapon)
Armour
 b - a +0 animal skin (worn)
Jewellery
 p - a +3 ring of protection (left hand)
 r - a +3 ring of strength (right hand)
Scrolls
 i - a scroll of blinking
 k - 3 scrolls of remove curse
 l - a scroll of summoning
Potions
 a - 2 potions of invisibility
 d - 7 potions of curing
 e - 10 potions of heal wounds
 f - a potion of haste
 g - 4 potions of magic
 h - 4 potions of berserk rage
 q - 2 potions of might
 s - a potion of resistance
 t - a potion of brilliance
Comestibles
 c - 7 rations


   Skills:
 + Level 13.3 Fighting
 + Level 14.3 Axes
 + Level 4.1 Armour
 + Level 9.9 Dodging
 + Level 7.7 Stealth


You had 9 spell levels left.
You didn't know any spells.

Dungeon Overview and Level Annotations

Branches:
Dungeon (1/1)

Altars:
Cheibriados
Dithmenos
Elyvilon
Fedhas
Gozag
Hepliaklqana
Makhleb
Nemelex Xobeh
Okawaru
Qazlal
Ru
Sif Muna
Trog
Vehumet
Wu Jian
Xom
Yredelemnul
Zin
The Shining One
Beogh
Jiyva
Lugonu


Innate Abilities, Weirdness & Mutations

You are resistant to torment.
Your stone body is resilient. (AC +7)
You are immune to poison.
You resist negative energy. (rN+)
You are resistant to electric shocks. (rElec)
You can survive without breathing.
You are immune to petrification.
You are immune to rotting.


Message History

Okay, then.
There is an open door here.
The sun demon shouts!
Something unseen opens the door.
The sun demon closely misses you.
You slash the sun demon! You freeze the sun demon.
The sun demon is moderately wounded.
The sun demon hits you.
You are engulfed in flames!!
You closely miss the sun demon.
The sun demon is moderately wounded.
The sun demon hits you but does no damage.
You closely miss the sun demon.
The sun demon is moderately wounded.
The sun demon hits you!!
You are engulfed in flames!
* * * LOW HITPOINT WARNING * * *
A red film seems to cover your vision as you go berserk!
You feel yourself moving faster!
You feel mighty!
You are feeling very hungry.
The sun demon hits you!!
You die...

..##......#...+....# .
..##....###...###...#...#
..##...##.'...'.## ....#
..##..##..##'##..##...#
..##(.#..##...##..'...#
..##..#..#...))#..#s..#
####.('..)..))))..'...+
####..#).#.....#3.#...#
[[##..#..##...##@.'...#
[[##..##..##'##..##...#
.)##...##.'...+.## ....#
))##.)..###...### #...#
))##......#...+ #...
############### ##


You could see a sun demon and a tarantella.

Vanquished Creatures
  A centaur warrior (D)
  A sea snake (D)
  A rime drake (D)
  A jumping spider (D)
  A snapping turtle (D)
  A hungry ghost (D)
  A steam dragon (D)
  A warg (D)
  A porcupine (D)
  An eye of draining (D)
  A crocodile (D)
  A bullfrog (D)
  A scorpion (D)
  A hound (D)
  A jelly (D)
  A gnoll shaman (D)
  A mummy (D)
  4 gnolls (D)
  A white imp (D)
  2 ufetubi (D)
  A leopard gecko (D)
  2 bats (D)
  A hobgoblin (D)
  5 jackals (D)
  A quokka (D)
  3 kobolds (D)
  A rat (D)
38 creatures vanquished.

Vanquished Creatures (collateral kills)
  A naga warrior (D)
  A naga ritualist (D)
  A cyclops (D)
  An orange demon (D)
  A troll (D)
  A red devil (D)
  A tyrant leech (D)
  A snapping turtle (D)
  A basilisk (D)
  3 nagas (D)
  A hell rat (D)
  A worker ant (D)
14 creatures vanquished.

Grand Total: 52 creatures vanquished

Notes
Turn   | Place    | Note
-------+----------+-------------------------------------------
     0 | D        | Fang the Gargoyle Berserker began the quest for the Orb.
     0 | D        | Reached XP level 1. HP: 14/14 MP: 1/1
    16 | D        | Reached skill level 3 in Axes
    28 | D        | Found a bloodstained altar of Trog.
    28 | D        | Found a deep blue altar of Sif Muna.
    28 | D        | Found a viscous altar of Jiyva.
    28 | D        | Found a hazy altar of Hepliaklqana.
    28 | D        | Found an opulent altar of Gozag.
    29 | D        | Found a glowing golden altar of the Shining One.
    29 | D        | Found a glowing silver altar of Zin.
    29 | D        | Found a basalt altar of Yredelemnul.
    29 | D        | Found a shimmering altar of Xom.
    29 | D        | Found an ornate altar of the Wu Jian Council.
    29 | D        | Found a sacrificial altar of Ru.
    29 | D        | Found a stormy altar of Qazlal.
    29 | D        | Found an iron altar of Okawaru.
    29 | D        | Found a sparkling altar of Nemelex Xobeh.
    29 | D        | Found a burning altar of Makhleb.
    29 | D        | Found a blossoming altar of Fedhas.
    29 | D        | Found a white marble altar of Elyvilon.
    29 | D        | Found a shadowy altar of Dithmenos.
    29 | D        | Found a snail-covered altar of Cheibriados.
    31 | D        | Found a radiant altar of Vehumet.
    31 | D        | Found a corrupted altar of Lugonu.
    31 | D        | Found a roughly hewn altar of Beogh.
    76 | D        | Reached XP level 2. HP: 18/20 MP: 2/2
   106 | D        | Reached ** piety under Trog
   119 | D        | Noticed a hungry ghost
   121 | D        | Reached *** piety under Trog
   135 | D        | Killed a hungry ghost
   135 | D        | Reached skill level 6 in Axes
   135 | D        | Reached XP level 3. HP: 25/28 MP: 3/3
   135 | D        | Reached XP level 4. HP: 30/34 MP: 4/4
   135 | D        | Reached XP level 5. HP: 34/38 MP: 5/5
   149 | D        | Reached **** piety under Trog
   417 | D        | Noticed a porcupine
   420 | D        | Reached ***** piety under Trog
   420 | D        | Reached skill level 7 in Axes
   420 | D        | Reached XP level 6. HP: 45/45 MP: 6/6
   429 | D        | Killed a porcupine
   429 | D        | Reached skill level 8 in Axes
   596 | D        | Reached skill level 5 in Dodging
   743 | D        | Reached XP level 7. HP: 20/52 MP: 7/7
   961 | D        | Reached skill level 9 in Axes
   977 | D        | Reached ****** piety under Trog
   982 | D        | Reached skill level 10 in Fighting
  1066 | D        | Noticed a steam dragon
  1066 | D        | Noticed a rime drake
  1070 | D        | Received a gift from Trog
  1074 | D        | Killed a steam dragon
  1075 | D        | Killed a rime drake
  1075 | D        | Reached skill level 10 in Axes
  1075 | D        | Reached skill level 5 in Stealth
  1075 | D        | Reached XP level 8. HP: 59/59 MP: 8/8
  1235 | D        | Noticed a red devil
  1252 | D        | Noticed a troll
  1253 | D        | Noticed an orange demon
  1257 | D        | Killed a troll
  1257 | D        | Killed a red devil
  1257 | D        | Reached skill level 11 in Axes
  1258 | D        | HP: 2/60 [orange demon (3)]
  1259 | D        | Killed an orange demon
  1565 | D        | Noticed a centaur warrior
  1574 | D        | Killed a centaur warrior
  1574 | D        | Received a gift from Trog
  1574 | D        | Reached skill level 12 in Axes
  1574 | D        | Reached XP level 9. HP: 65/65 MP: 9/9
  1577 | D        | Got a fine battleaxe {god gift}
  1618 | D        | Identified the +10 battleaxe of the Lame Duck {drain, *Rage Dex+6} (Trog gifted it to you in the Dungeon)
  1626 | D        | Noticed a sea snake
  1631 | D        | Killed a sea snake
  1840 | D        | Noticed a tyrant leech
  1840 | D        | Noticed a cyclops
  1840 | D        | Noticed a naga warrior
  1842 | D        | Noticed a naga ritualist
  1844 | D        | Noticed a jumping spider
  1844 | D        | Killed a cyclops
  1844 | D        | Reached skill level 13 in Axes
  1856 | D        | Killed a naga warrior
  1856 | D        | Reached XP level 10. HP: 72/72 MP: 10/10
  1863 | D        | Killed a naga ritualist
  1863 | D        | Received a gift from Trog
  1863 | D        | Reached skill level 14 in Axes
  1946 | D        | Noticed a sun demon
  1970 | D        | Slain by a sun demon

Skill      XL: |  1  2  3  4  5  6  7  8  9 10 |
---------------+-------------------------------+-----
Fighting       | 4 7 8 9 10 12 13 | 13.3
Axes           | 3 6 7 8 10 12 13 14 | 14.3
Dodging        | 3 4 5 6 8 9 |  9.9
Armour         | 3 4 |  4.1
Stealth        | 2 4 5 6 7 |  7.7

Action                   |  1- 3 |  4- 6 |  7- 9 | 10-12 || total
-------------------------+-------+-------+-------+-------++-------
Melee: Hand axe          |    31 |    62 |    33 |       ||   126
       Battleaxe         |       |       |    22 |     3 ||    25
       War axe           |       |       |       |     7 ||     7
Invok: Berserk           |     1 |     2 |     4 |     1 ||     8
       Brothers in Arms  |       |       |     4 |       ||     4
 Stab: Sleeping          |     2 |     1 |       |       ||     3
  Eat: Chunk             |       |     5 |     2 |     1 ||     8
       Ration            |       |       |     2 |       ||     2
Armor: Animal skin       |     9 |    22 |    17 |     6 ||    54
Dodge: Dodged            |    14 |    51 |    47 |     6 ||   118
